 Dungeon Crawl Stone Soup version 0.31-a0-799-g6bc09d010c (webtiles) character file.

Game seed: 12290934737318434351

37 Bravepunisher the Ducker (level 3, 20/20 HPs)
             Began as a Spriggan Monk on Sept 19, 2023.
             Was a Believer of Okawaru.
             Quit the game on level 1 of the Dungeon.
             The game lasted 00:03:45 (952 turns).

Bravepunisher the Ducker (Spriggan Monk)             Turns: 952, Time: 00:03:45

Health: 20/20      AC:  2    Str:  7    XL:     3   Next: 23%
Magic:  4/4        EV: 19    Int: 11    God:    Okawaru [**....]
Gold:   49         SH:  0    Dex: 19    Spells: 2/2 levels left

rFire   . . .        a - +0 short sword
rCold   . . .        (no shield)
rNeg    . . .        b - +0 robe
rPois   .            (helmet restricted)
rElec   .            (no cloak)
rCorr   .            (gloves unavailable)
SInv    +            (boots unavailable)
Will    .....        (no amulet)
Stlth   ++           (no ring)
HPRegen 0.23/turn    (no ring)
MPRegen 0.09/turn

%: no passive effects
@: very quick
A: very small, no large weapons, unfitting armour, see invisible, speed 3
a: Renounce Religion, Heroism


You were on level 1 of the Dungeon.
You worshipped Okawaru.
Okawaru was pleased with you.
You visited 2 branches of the dungeon, and saw 6 of its levels.

You collected 49 gold pieces.

Inventory:

Hand Weapons
 a - a +0 short sword (weapon)
Armour
 b - a +0 robe (worn)
 d - an orb of light
Wands
 i - a wand of paralysis (3)
Scrolls
 g - 2 scrolls of fog {unknown}
 h - a scroll of butterflies {unknown}
Potions
 c - a potion of ambrosia
 e - 4 potions of curing {unknown}
 f - a potion of resistance {unknown}


   Skills:
 * Level 3.2 Fighting
 - Level 3.2 Short Blades
 + Level 4.6 Dodging
 + Level 0.3 Invocations


You had 2 spell levels left.
You didn't know any spells.
Your spell library contained the following spells:

 Spells                   Type           Power      Damage    Failure   Level
 Apportation              Tloc           0%         N/A       34%         1
 Necrotise                Necr           0%         1d4       34%         1
 Summon Small Mammal      Summ           Unusable   N/A       N/A         1

Dungeon Overview and Level Annotations

Branches:
Dungeon (5/15)             Temple (1/1) D:5

Altars:
Ashenzari
Cheibriados
Dithmenos
Elyvilon
Fedhas
Gozag
Hepliaklqana
Kikubaaqudgha
Nemelex Xobeh
Okawaru
Ru
Sif Muna
Vehumet
Wu Jian
Yredelemnul

Shops:
D:1 (


Innate Abilities, Weirdness & Mutations

You are very small and have problems with some larger weapons.
You are too small for most types of armour.
You have supernaturally acute eyesight. (SInv)
You cover ground extremely quickly. (Speed+++)


Message History

The giant cockroach misses you.
You closely miss the giant cockroach. The giant cockroach bites you.
You closely miss the giant cockroach. The giant cockroach barely misses you.
You completely miss the giant cockroach.
You punch the giant cockroach, but do no damage.
The giant cockroach closely misses you.
You hit the giant cockroach but do no damage.
The ball python hisses angrily.
The giant cockroach bites you but does no damage.
You hit the giant cockroach.
The giant cockroach is moderately wounded.
You hit the giant cockroach.
The giant cockroach is severely wounded.
The giant cockroach closely misses you.
You barely miss the giant cockroach.
The giant cockroach is severely wounded.
The giant cockroach closely misses you.
You hit the giant cockroach.
You kill the giant cockroach!
Okawaru accepts your kill.
The ball python bites you but does no damage.
The ball python misses you.
You hit the ball python.
The ball python is severely wounded.
The ball python closely misses you. The ball python completely misses you.
You barely miss the ball python.
The ball python is severely wounded.
The ball python misses you. The ball python completely misses you.
You barely miss the ball python.
The ball python is severely wounded.
The ball python barely misses you. x2
You hit the ball python.
You kill the ball python!
Okawaru accepts your kill.
e - 4 emerald potions (gained 1)
You pick up a book of Cantrips and begin reading...
You add the spells Necrotise and Apportation to your library.
You see here a +0 dagger of protection.
Okay, then.
Are you sure you want to abandon this character and quit the game? (Confirm with "yes".)

..........# #.........).....
##........# #...............
##........# #...............
..........########.....#..####...
.#........#......#.....##.# #...
.................#.....##.# .....
.........<.......#.....##........
..#######........#.....###.......
..##...##.......@......###.......
..#.+##.+..##..........†.##...
..#.# #.#..##.........†..# #. ..#
# # #..##..............# ..#
#..................# ..#
#..#.........#.....# ... .
#########.#.....# ... #.#.....#
##. ..#......


There were no monsters in sight!

Vanquished Creatures
  An adder (D:5)
  2 dart slugs
  4 endoplasms
  A giant cockroach (D:1)
  A hobgoblin (D:1)
  3 jackals (D:2)
  A kobold (D:1)
  2 ball pythons (D:1)
  3 bats (D:1)
  A frilled lizard (D:2)
  6 rats
25 creatures vanquished.

Notes
Turn   | Place    | Note
-------+----------+-------------------------------------------
     0 | D:1      | Bravepunisher the Spriggan Monk began the quest for the
                  | Orb.
     0 | D:1      | Reached XP level 1. HP: 11/11 MP: 2/2
   244 | D:1      | Found Ajelaopeadgh's Antique Weapon Boutique.
   291 | D:2      | Reached XP level 2. HP: 10/16 MP: 3/3
   357 | D:4      | Noticed a scorpion
   399 | D:5      | Entered Level 5 of the Dungeon
   409 | D:5      | Noticed a scorpion
   474 | D:5      | Found a staircase to the Ecumenical Temple.
   483 | Temple   | Entered the Ecumenical Temple
   499 | Temple   | Became a worshipper of Warmaster Okawaru
   499 | Temple   | Reached * piety under Okawaru
   499 | Temple   | Reached ** piety under Okawaru
   710 | D:2      | Reached XP level 3. HP: 18/20 MP: 4/4
   952 | D:1      | Quit the game

Illustrated notes

Levels and vault maps discovered:
D:1:      minmay_arrival_stone_box, layout_basic, serial_shops, shop,
          ebering_ecumenical_altar_webs
D:2:      layout_loops_corners, serial_shops, shop, minmay_tetromino_s4
D:3:      layout_loops_ring, mainiacjoe_overflow_catch_the_wave, serial_shops,
          nicolae_shop_gibbet_a_chance
D:4:      layout_loops_ring, nicolae_tso_swordbearing_angel, minmay_pentangle
D:5:      layout_basic, minmay_temple_entry_wispy, uniq_duvessa, uniq_pikel,
          uniq_sigmund
Temple:   nicolae_temple_bog_church

Skill      XL: |  1  2 |
---------------+-------+-----
Fighting       | 3 |  3.2
Short Blades   | |  3.2
Dodging        | |  4.6
Invocations    | |  0.3

Action                     || total
---------------------------++-------
  Melee: Short sword       ||   107
         Punch             ||     2
  Evoke: Wand              ||     1
   Stab: Paralysed         ||     2
         Sleeping          ||     1
 Armour: Robe              ||    25
  Dodge: Dodged            ||    83

Table legend: (Time is in decaauts)
 A = Elapsed time spent in this place.
 B = Non-inter-level travel time spent in this place.
 C = Inter-level travel time spent in this place.
 D = Time resting spent in this place.
 E = Time spent auto-exploring this place.
 F = Levels seen in this place.
 G = Mean time per level.
                   A        B        C        D        E       F      G
               +--------+--------+--------+--------+--------+-----+--------+
         Total |    660 |    607 |     53 |      3 |    316 |   6 |  110.0 |
       Dungeon |    638 |    604 |     34 |      3 |    316 |   5 |  127.6 |
        Temple |     21 |      2 |     19 |      0 |      0 |   1 |   21.0 |
               +--------+--------+--------+--------+--------+-----+--------+

Top non-repeatable levels by time:
     D:1: 319 daAuts
     D:2: 118 daAuts
     D:5: 94 daAuts
     D:3: 66 daAuts
     D:4: 40 daAuts
  Temple: 21 daAuts
